Map: Acid Plant LE

Players

xKawaiian - Winner!

  • Race: Terran Terran
  • League: Grandmaster
  • Spawn Location: 11:00

IlPrincipino

  • Race: Terran Terran
  • League: Grandmaster
  • Spawn Location: 5:00

VOD

Have the link to the VOD?

Description

Time

  • Played on: Feb. 14, 2018, 12:58 p.m.
  • Length: 23:01
Show
View Real Time Build Order
Export as new Build Order

xKawaiian Terran - Winner!

Build Orders: MMM Bio 

Get SALT Encoding   

  12  0:00  SCV  
  13  0:13  SCV  
  14  0:20  Supply Depot  
  14  0:25  SCV  
  15  0:41  SCV  
  16  0:43  Barracks  
  16  0:53  SCV  
  17  1:05  SCV  
  18  1:18  SCV, Command Center  
  19  1:30  Marine  
  20  1:37  Bunker  
  20  1:39  Orbital Command  
  20  1:45  Refinery  
  20  1:48  Marine  
  21  2:00  Supply Depot  
  21  2:05  SCV  
  21  2:06  Marine  
  23  2:12  Refinery  
  23  2:22  SCV  
  24  2:24  Marine  
  25  2:33  Orbital Command  
  25  2:34  SCV  
  26  2:42  Factory  
  26  2:43  Marine  
  27  2:47  SCV  
  28  2:59  SCV  
  28  3:01  SCV  
  28  3:03  Barracks Tech Lab  
  30  3:11  SCV  
  31  3:13  Bunker  
  31  3:15  SCV  
  32  3:22  Barracks, Marine  
  32  3:23  SCV, Stimpack  
  32  3:26  Cyclone  
  37  3:28  SCV  
  38  3:36  Barracks  
  38  3:37  SCV  
  38  3:40  SCV  
  40  3:46  Marine  
  41  3:49  SCV  
  41  3:53  Starport  
  41  3:55  Engineering Bay  
  42  3:57  SCV  
  42  3:59  Factory Reactor  
  43  4:04  SCV, Marine  
  45  4:10  Barracks Reactor  
  45  4:11  SCV  
  46  4:23  Missile Turret  
  46  4:24  Missile Turret  
  46  4:37  Supply Depot  
  46  4:40  Supply Depot  
  46  4:47  Factory Tech Lab  
  46  4:56  Barracks Reactor  
  46  4:59  SCV x2, Marine x2, Medivac x2  
  54  5:02  Supply Depot x2  
  54  5:10  Marine  
  54  5:11  SCV  
  54  5:13  Siege Tank, Bunker  
  59  5:16  SCV, Marine  
  59  5:20  Marine  
  62  5:28  Marine  
  63  5:34  Marine  
  64  5:35  Medivac  
  64  5:37  SCV, Marine  
  64  5:38  SCV  
  64  5:39  Refinery  
  69  5:49  Marine  
  69  5:50  Marine x2  
  69  5:51  Terran Infantry Weapons Level 1  
  69  5:52  SCV  
  73  5:59  Refinery  
  73  6:05  Marine  
  73  6:06  Marine  
  73  6:07  Marine  
  73  6:10  SCV  
  73  6:11  Command Center  
  77  6:12  SCV  
  77  6:13  Combat Shields  
  78  6:22  Missile Turret  
  78  6:36  Marine x4  
  78  6:37  SCV, Siege Tank  
  86  6:42  Barracks  
  86  6:44  Supply Depot  
  86  6:45  Barracks, Supply Depot  
  86  6:56  Supply Depot  
  86  7:01  Supply Depot  
  86  7:05  SCV x2, Marine x2  
  90  7:12  Medivac  
  90  7:15  Engineering Bay, Armory  
  92  7:17  SCV  
  92  7:18  Siege Tank  
  96  7:27  Marine, Marauder  
  98  7:30  Barracks Tech Lab  
  98  7:31  Orbital Command  
  98  7:32  Concussive Shells  
  98  7:33  Barracks Tech Lab  
  98  7:34  Marine, Barracks Reactor  
  99  7:41  Terran Infantry Armor Level 1  
  99  7:43  Medivac  
  101  7:45  Medivac  
  101  7:49  SCV  
  104  7:53  Marine  
  104  7:56  SCV  
  104  7:58  Missile Turret  
  106  8:00  Sensor Tower  
  106  8:02  Orbital Command  
  106  8:04  Marine x4, Marauder  
  112  8:05  SCV  
  112  8:08  SCV  
  114  8:12  Marine  
  114  8:14  Marine  
  114  8:17  Terran Vehicle Weapons Level 1  
  114  8:19  Supply Depot, Bunker  
  116  8:21  Marine  
  116  8:22  Marine x2, Marauder  
  116  8:24  SCV x2  
  123  8:30  SCV  
  124  8:36  SCV x2  
  124  8:39  Siege Tank, Medivac  
  124  8:40  Marine  
  132  8:42  SCV  
  132  8:47  Terran Infantry Weapons Level 2  
  134  8:48  SCV x2, Marine  
  134  8:49  Marauder  
  134  8:50  Marine x2  
  134  8:54  SCV  
  141  9:03  Supply Depot  
  141  9:05  Marine  
  141  9:08  Supply Depot  
  141  9:11  Marauder  
  141  9:25  SCV x3, Marine, Refinery x2, Marauder  
  141  9:27  Supply Depot  
  147  9:33  Command Center  
  147  9:34  Supply Depot  
  147  9:35  Supply Depot, Medivac  
  147  9:36  Marine, Medivac  
  147  9:37  SCV x2, Missile Turret x2  
  154  9:44  Marine  
  154  9:45  Marauder  
  157  9:48  Marine, Marauder  
  157  9:50  SCV  
  161  9:59  Supply Depot x2  
  161  10:00  Starport  
  161  10:02  SCV x3  
  161  10:05  Medivac, Factory  
  161  10:06  Medivac  
  168  10:10  Marine  
  168  10:12  Marine  
  168  10:13  Marine  
  171  10:17  Terran Infantry Armor Level 2  
  171  10:19  Marine  
  171  10:21  SCV  
  173  10:23  SCV x2  
  173  10:28  Marine x3  
  178  10:35  Medivac x2  
  178  10:38  Marine  
  178  10:39  Marine, Marauder  
  176  10:45  Marine  
  166  10:52  Marine x2  
  166  10:53  Marine x2  
  166  10:56  Starport Reactor  
  166  11:00  Marine  
  138  11:05  Medivac  
  138  11:08  Planetary Fortress  
  138  11:09  SCV x2  
  130  11:12  Factory Tech Lab  
  130  11:14  Refinery  
  130  11:15  Marine  
  130  11:16  Marauder, Medivac  
  135  11:19  Terran Vehicle Weapons Level 2  
  135  11:20  Refinery  
  135  11:31  Marine  
  135  11:32  Marine x4, Marauder  
  142  11:33  Marine  
  142  11:35  Medivac, Command Center  
  142  11:37  Marauder  
  147  11:44  Siege Tank  
  147  11:46  Medivac  
  152  11:49  Marine x3  
  152  11:50  Marine x2, Siege Tank  
  152  11:51  Marine  
  152  11:53  Marauder  
  163  11:58  Marine  
  163  12:00  Medivac x2  
  168  12:07  Barracks, Marine x4  
  168  12:08  Barracks, Marine  
  173  12:09  Barracks  
  173  12:11  Marine  
  173  12:15  Marauder  
  176  12:16  Siege Tank, Marauder  
  176  12:21  Terran Infantry Weapons Level 3  
  181  12:23  SCV  
  181  12:25  Marine x2  
  167  12:30  Marine x2  
  167  12:32  Medivac  
  167  12:36  Marauder  
  173  12:38  Marauder  
  173  12:41  Marine x2  
  167  12:49  Marine x4  
  156  12:57  Marauder  
  132  12:59  Barracks Tech Lab x2, Marine x2, Marauder, Barracks Reactor  
  132  13:02  Medivac x2  
  139  13:06  Terran Infantry Armor Level 3  
  139  13:07  Marine x4  
  142  13:14  Planetary Fortress  
  142  13:17  Marine x2  
  142  13:19  Marauder  
  146  13:20  Marine  
  146  13:21  Marauder x2  
  146  13:24  Siege Tank  
  146  13:25  Marine  
  155  13:27  Siege Tank  
  155  13:33  SCV x4  
  162  13:39  Terran Vehicle Weapons Level 3, Marauder  
  162  13:40  Marine, Marauder  
  167  13:54  Marine x2  
  165  13:56  Marine, Siege Tank, Medivac x2  
  165  13:57  Marine, Marauder x2  
  165  14:02  Command Center  
  178  14:17  Marine x2, Marauder x2  
  176  14:22  Marine x4  
  176  14:23  Medivac x2  
  176  14:24  Marine x2, Marauder x2  
  175  14:26  Medivac x2  
  159  14:35  Marine  
  156  14:42  Marine  
  153  14:53  Medivac x2  
  153  14:54  Marine  
  153  14:56  Medivac x2  
  126  15:12  Marine x6, Marauder x2  
  126  15:13  Marine x4  
  134  15:23  Medivac x2  
  134  15:26  Medivac x2  
  134  15:28  Planetary Fortress  
  142  15:29  Marine  
  142  15:30  Marine x4, Refinery  
  142  15:32  Siege Tank x2  
  153  15:37  Refinery  
  153  15:38  Refinery  
  153  15:41  Marine x2  
  153  15:42  Marine, Marauder x2  
  160  15:43  Marine  
  160  15:45  Marauder  
  160  15:47  Marine x2  
  160  15:48  Building Armor, Hi-Sec Auto Tracking  
  165  15:53  Medivac  
  165  15:55  Marine x3  
  165  15:56  Liberator  
  176  15:59  Marine x3  
  176  16:00  Marine  
  176  16:03  Marine x2  
  156  16:04  Siege Tank x2  
  156  16:05  Marine x2  
  156  16:06  Marine  
  156  16:13  Marine x3  
  156  16:17  Marine x2  
  155  16:18  Marine  
  155  16:21  Liberator x2  
  155  16:22  Liberator  
  155  16:25  Marine x3  
  158  16:29  Marine x3  
  158  16:31  Marine x3  
  151  16:35  Marine x2  
  151  16:36  Marine, Siege Tank  
  160  16:41  Liberator  
  160  16:43  Marine x3  
  160  16:46  Marine  
  160  16:47  Marine x2  
  158  16:54  Marine x3  
  158  16:59  Marine  
  159  17:04  Marine, Liberator x2  
  159  17:05  Marine x5, Liberator  
  162  17:15  Marine  
  139  17:18  Marine  
  139  17:19  Marine x4  
  139  17:21  Marine  
  146  17:23  Marine x5  
  146  17:24  Liberator  
  150  17:32  Marine  
  150  17:36  Marine  
  150  17:37  Marine x2  
  143  17:39  Marine x2  
  143  17:40  Marine, Marauder  
  143  17:41  Marauder  
  152  17:46  Liberator  
  152  17:47  Liberator x2  
  152  17:50  Cyclone, Thor  
  149  18:02  Marine, Marauder  
  149  18:04  Marine x2, Marauder  
  121  18:07  Liberator  
  121  18:10  Marine x2  
  108  18:14  SCV x2  
  108  18:19  SCV x3  
  112  18:23  Siege Tank  
  112  18:26  SCV x2  
  115  18:28  Marine  
  115  18:32  Marine x3  
  103  18:36  Marine x2, Marauder x2  
  103  18:39  Marauder  
  108  18:48  SCV  
  108  18:49  SCV x2  
  95  19:06  Marine x2  
  95  19:07  Marine, Marauder x2  
  95  19:08  SCV x5  
  102  19:14  Marine, Marauder  
  107  19:17  Marauder  
  107  19:20  SCV x2  
  109  19:25  Command Center  
  85  19:39  Marine x9  
  85  19:43  Marine  
  85  19:44  Medivac x4  
  90  19:47  SCV x2  
  90  19:48  SCV  
  93  19:57  Siege Tank  
  93  19:59  Siege Tank  
  99  20:01  SCV x2  
  99  20:05  Refinery  
  101  20:09  SCV x3  
  101  20:12  Marauder  
  106  20:27  Medivac x2  
  106  20:28  Marine x3, Marauder x2  
  117  20:29  SCV  
  117  20:37  Medivac x2  
  117  20:40  Marine x3, Marauder  
  126  20:44  Orbital Command  
  122  20:50  Marine, Siege Tank, Marauder  
  122  20:55  Marine x2, Marauder x2  
  127  20:58  Siege Tank  
  127  21:02  Marine x3, Marauder  
  135  21:07  Marine  
  136  21:12  Marauder  
  136  21:14  Marine x3  
  136  21:17  Marauder x2  
  145  21:22  Marine, Siege Tank  
  145  21:24  Marauder  
  151  21:32  Marine x2  
  153  21:33  Marauder  
  153  21:35  SCV x3  
  153  21:37  Marine x2  
  153  21:38  Marauder x2  
  164  21:40  Supply Depot  
  164  21:45  Marauder  
  166  21:47  Marine x3  
  165  21:55  Marauder  
  165  21:59  Marauder  
  165  22:00  Marauder  
  167  22:02  Marine x2  
  167  22:03  Siege Tank x2  
  167  22:07  Marauder  
  163  22:08  Marine  
  163  22:10  Medivac x2  
  155  22:15  Medivac  
  155  22:16  Medivac, Marauder  
  155  22:17  Marine  
  155  22:21  Marauder x2  
  162  22:28  Marauder  
  152  22:33  Marine x2  
  152  22:34  Marine x3  
  152  22:35  Marine  
  161  22:39  Marine x2  
Show
View Real Time Build Order
Export as new Build Order

IlPrincipino Terran 

Build Orders: Cyclone Opening 

Get SALT Encoding   

  12  0:01  SCV  
  13  0:13  SCV  
  14  0:17  Supply Depot  
  14  0:25  SCV  
  15  0:30  Refinery  
  15  0:39  SCV  
  16  0:45  Barracks  
  16  0:51  SCV  
  17  1:03  SCV  
  18  1:15  SCV  
  20  1:33  Reaper  
  20  1:34  Orbital Command  
  20  1:51  Command Center  
  20  1:58  Factory  
  20  2:01  SCV  
  20  2:08  Barracks Reactor  
  21  2:13  SCV  
  22  2:16  Supply Depot  
  22  2:22  Refinery  
  22  2:25  SCV  
  23  2:38  SCV  
  24  2:50  SCV  
  24  2:58  Cyclone  
  24  3:02  SCV  
  24  3:04  Cyclone  
  24  3:05  Orbital Command  
  31  3:14  SCV  
  32  3:21  Supply Depot  
  32  3:26  SCV  
  33  3:28  Refinery  
  33  3:30  SCV, Cyclone  
  37  3:38  SCV  
  38  3:42  SCV  
  38  3:43  Cyclone  
  42  3:51  SCV  
  42  3:53  Supply Depot  
  42  3:54  SCV  
  44  4:03  SCV, Cyclone  
  44  4:06  SCV  
  49  4:10  Factory  
  49  4:15  SCV, Supply Depot  
  50  4:19  SCV  
  50  4:21  Cyclone  
  54  4:27  SCV  
  54  4:28  Refinery  
  54  4:31  SCV  
  56  4:33  Barracks Reactor  
  56  4:37  Supply Depot  
  56  4:39  SCV  
  56  4:43  SCV, Cyclone  
  61  4:51  SCV  
  62  4:54  Cyclone  
  62  4:57  SCV  
  62  4:58  Supply Depot  
  66  5:07  Supply Depot  
  66  5:11  SCV  
  67  5:15  SCV  
  67  5:16  Cyclone  
  67  5:17  Cyclone  
  67  5:18  Supply Depot  
  74  5:26  SCV  
  74  5:27  SCV  
  76  5:33  Cyclone x2  
  82  5:38  SCV  
  82  5:39  SCV  
  84  5:48  Cyclone  
  84  5:49  Cyclone  
  90  5:51  SCV  
  90  5:52  SCV  
  90  5:55  Supply Depot  
  92  6:05  Command Center  
  92  6:07  SCV  
  92  6:10  SCV  
  94  6:11  Barracks Reactor  
  94  6:15  Starport  
  94  6:19  SCV  
  94  6:22  SCV  
  96  6:31  SCV, Engineering Bay, Factory Tech Lab  
  97  6:34  SCV  
  97  6:35  Factory Tech Lab  
  98  6:41  Supply Depot  
  98  6:42  Supply Depot  
  98  6:43  SCV  
  98  6:44  Cyclone x2  
  98  6:45  Liberator  
  98  6:46  SCV  
  106  6:54  Siege Tank  
  106  6:55  SCV  
  113  7:09  SCV  
  113  7:10  SCV, Command Center, Missile Turret  
  113  7:11  Missile Turret  
  113  7:13  Missile Turret  
  115  7:26  Orbital Command  
  115  7:28  Refinery  
  115  7:29  Refinery  
  115  7:31  Sensor Tower  
  115  7:32  Siege Tank  
  115  7:33  Missile Turret  
  115  7:35  SCV  
  115  7:36  SCV  
  120  7:44  Viking  
  120  7:45  Viking  
  120  7:48  SCV  
  125  7:54  SCV  
  125  7:55  SCV  
  127  8:00  SCV  
  127  8:01  Supply Depot  
  127  8:02  Supply Depot  
  128  8:07  SCV x2  
  128  8:08  Siege Tank  
  128  8:10  Cyclone  
  128  8:11  Factory  
  136  8:13  Cyclone  
  136  8:16  SCV  
  136  8:19  SCV  
  138  8:28  Missile Turret  
  138  8:29  Missile Turret  
  138  8:33  Viking x2  
  142  8:44  Sensor Tower  
  142  8:47  Siege Tank, Infernal Pre-Igniter  
  145  8:49  Hellion x2  
  149  8:55  Armory  
  149  8:56  Factory  
  149  8:57  Factory  
  149  8:59  SCV x2, Armory  
  149  9:01  Missile Turret  
  151  9:03  Missile Turret x2  
  147  9:24  Viking x2  
  147  9:29  Command Center  
  151  9:32  Missile Turret x2  
  149  9:38  SCV, Supply Depot  
  149  9:39  SCV  
  149  9:50  Supply Depot, Terran Vehicle Weapons Level 1  
  149  9:52  Terran Vehicle And Ship Armor Level 1  
  149  9:53  Factory Tech Lab  
  149  9:55  Siege Tank  
  149  9:56  Factory Tech Lab  
  149  9:57  Supply Depot  
  149  9:58  Hellion x2  
  156  10:00  Hellion x2  
  160  10:07  Supply Depot  
  160  10:13  Missile Turret x3  
  160  10:16  Missile Turret  
  160  10:18  Viking x2  
  164  10:25  Siege Tank x2  
  164  10:27  Siege Tank  
  173  10:30  Smart Servos  
  164  10:43  Refinery  
  151  10:51  SCV  
  150  10:57  Siege Tank  
  137  11:06  Viking  
  137  11:07  Viking, Hellion, Siege Tank x2  
  137  11:08  Hellion x2  
  153  11:20  Starport x2  
  153  11:21  Fusion Core  
  153  11:25  Missile Turret  
  153  11:26  Missile Turret  
  153  11:33  Siege Tank, Liberator  
  153  11:35  Supply Depot  
  153  11:39  Siege Tank x2  
  162  11:42  Command Center  
  165  11:57  Planetary Fortress  
  168  12:16  Terran Vehicle Weapons Level 2  
  148  12:37  Hellion, Siege Tank x2  
  148  12:38  Hellion x4  
  156  12:49  Orbital Command  
  129  12:59  Hellion x4, Siege Tank  
  136  13:09  Siege Tank, Orbital Command  
  136  13:10  Hellion  
  139  13:16  SCV x4  
  143  13:20  Hellion x2  
  147  13:29  Refinery  
  147  13:31  Starport Tech Lab  
  147  13:34  Starport Reactor  
  147  13:36  SCV x3  
  147  13:40  Missile Turret  
  150  13:45  Sensor Tower  
  138  13:56  Viking x2  
  142  14:10  Command Center  
  142  14:12  Supply Depot  
  142  14:16  SCV x3  
  145  14:22  Hellion x3, Siege Tank x3  
  160  14:28  Hellion  
  151  14:40  Viking  
  151  14:43  Hellion x2  
  151  14:44  Hellion  
  154  14:46  Missile Turret  
  154  14:50  Hellion  
  154  14:54  Siege Tank x3  
  154  14:58  Armory  
  157  15:00  Armory  
  157  15:05  Hellion x3  
  160  15:11  Hellion  
  156  15:26  Hellion x4, Siege Tank x2  
  156  15:27  Viking x2  
  156  15:28  Refinery  
  174  15:33  SCV x2, Hellion  
  174  15:34  Missile Turret x3  
  174  15:35  Missile Turret  
  178  15:36  SCV  
  178  15:42  Refinery x2  
  179  15:47  Hellion  
  179  15:48  Hellion x3  
  187  15:54  Hellion  
  189  15:58  Hellion, Widow Mine  
  189  16:02  Viking x4  
  181  16:10  Viking  
  175  16:12  Hellion x3  
  181  16:23  Hellion x2, Siege Tank  
  181  16:24  Hellion  
  188  16:32  Viking x2  
  167  16:41  Viking x2  
  167  16:42  Hellion  
  167  16:46  Liberator x2  
  171  16:52  Viking  
  168  17:04  Hellion  
  154  17:21  Siege Tank x2  
  154  17:22  Hellion x2  
  147  17:31  Viking  
  144  17:41  Viking x2  
  148  17:55  Viking  
  148  17:56  Hellion x2  
  128  18:11  Viking  
  114  18:15  Siege Tank x3  
  114  18:18  Viking  
  118  18:34  Orbital Command  
  110  18:47  Hellion, Siege Tank x3  
  121  18:52  Viking  
  121  18:53  Refinery  
  123  18:59  Refinery  
  100  19:12  Viking x3  
  104  19:19  Siege Tank  
  102  19:33  Viking  
  102  19:34  Viking  
  95  19:42  Viking x2  
  92  19:51  Sensor Tower  
  92  19:53  SCV x2  
  94  20:04  Thor  
  94  20:05  Thor  
  108  20:07  Hellion  
  108  20:21  Viking x2  
  108  20:22  Viking  
  108  20:23  Thor  
  108  20:24  Hellbat x2  
  119  20:36  Hellion x2  
  123  20:45  Hellion  
  123  20:47  Siege Tank  
  123  20:48  Viking  
  123  20:49  Viking  
  131  20:51  Viking  
  131  20:57  Refinery  
  131  20:59  Missile Turret  
  131  21:00  Command Center  
  131  21:02  Missile Turret  
  131  21:07  SCV x2  
  131  21:11  Liberator x3  
  133  21:22  Missile Turret  
  133  21:31  Viking  
  133  21:32  Hellion x3  
  152  21:33  Hellion  
  152  21:42  Siege Tank  
  152  21:43  Hellion x2  
  159  21:49  Missile Turret  
  159  21:53  Hellion  
  159  21:54  Hellion  
  143  22:07  Siege Tank x2  
  141  22:11  Hellion  
  141  22:13  Viking x2  
  141  22:15  Hellion x2  
  142  22:16  Orbital Command  
  128  22:33  Hellion  
  128  22:36  Hellion  
  117  22:39  Hellion  
Tags
 
Add a new tag
Caveats
  • Supply blocks, unpowered buildings, or Contaminate may cause inaccurate times.
  • Supply counts are checked every 10 seconds.